Map: [ESL] Data-C

Players

RiSkyZ (RiSky)

  • Race: Zerg Zerg
  • Spawn Location: 3:00

Spirit (souL) - Winner!

  • Race: Terran Terran
  • League: Master
  • Spawn Location: 9:00

Event: HomeStory Cup XXII

VOD

Have the link to the VOD?

Description

Time

  • Played on: Dec. 15, 2022, 10:10 a.m.
  • Length: 13:11

All games in this series

Show
View Real Time Build Order
Export as new Build Order

RiSkyZ Zerg 

Build Orders: Hatch First 

Get SALT Encoding   

  12  0:00  Drone  
  13  0:12  Overlord  
  13  0:17  Drone  
  14  0:30  Drone x2  
  16  0:48  Hatchery  
  15  0:51  Drone  
  15  0:55  Drone  
  17  0:58  Drone  
  18  1:09  Extractor  
  17  1:14  Spawning Pool  
  17  1:17  Drone  
  17  1:20  Drone  
  18  1:27  Drone  
  19  1:38  Drone  
  20  1:49  Overlord  
  20  2:01  Zergling x4, Queen x2  
  26  2:10  Drone  
  26  2:11  Drone  
  26  2:15  Metabolic Boost  
  28  2:24  Drone x2  
  30  2:34  Drone x2  
  30  2:37  Queen  
  31  2:40  Queen  
  35  2:44  Overlord  
  35  2:47  Drone  
  36  3:02  Hatchery  
  36  3:04  Drone  
  36  3:06  Drone  
  36  3:09  Drone  
  36  3:10  Drone  
  39  3:16  Drone  
  40  3:22  Drone  
  40  3:23  Drone  
  40  3:24  Overlord  
  42  3:28  Overlord  
  42  3:31  Drone  
  43  3:40  Drone  
  44  3:41  Queen  
  44  3:43  Overlord  
  44  3:48  Zergling x2  
  47  3:50  Drone  
  47  3:52  Drone  
  47  3:53  Drone x3  
  52  3:56  Drone  
  52  4:02  Drone x2  
  55  4:03  Drone  
  55  4:13  Drone x2  
  55  4:14  Drone  
  58  4:19  Queen  
  58  4:21  Queen  
  58  4:22  Lair  
  58  4:23  Drone x4  
  66  4:26  Drone  
  66  4:30  Overlord  
  67  4:32  Drone x3  
  67  4:36  Overlord  
  67  4:38  Drone x2  
  72  4:42  Spore Crawler  
  72  4:43  Extractor  
  72  4:44  Spore Crawler x2  
  68  4:47  Baneling Nest, Drone  
  68  4:48  Zergling x2  
  68  4:49  Zergling x2  
  70  4:54  Zergling x4  
  70  4:55  Overlord  
  70  4:57  Drone  
  70  4:58  Drone  
  74  5:03  Queen, Drone  
  74  5:06  Overlord  
  77  5:10  Drone  
  77  5:12  Overlord  
  78  5:18  Drone x2, Extractor  
  78  5:20  Drone x4  
  78  5:21  Extractor x2  
  82  5:22  Zergling x2  
  82  5:29  Zergling x2  
  82  5:30  Zergling x2  
  82  5:31  Centrifugal Hooks  
  82  5:32  Overseer  
  82  5:34  Overseer, Hatchery  
  83  5:36  Drone x2  
  83  5:39  Drone x2  
  83  5:41  Drone x2  
  89  5:43  Drone x2  
  92  5:50  Drone x2  
  92  5:51  Evolution Chamber  
  92  5:52  Evolution Chamber  
  92  5:53  Drone x2  
  90  5:57  Drone  
  90  5:58  Drone  
  90  6:09  Drone  
  90  6:10  Drone x5  
  90  6:11  Drone  
  95  6:16  Drone  
  95  6:19  Spore Crawler, Drone  
  95  6:21  Drone x2  
  95  6:24  Overlord  
  98  6:28  Hydralisk Den  
  98  6:29  Drone  
  97  6:35  Drone x2  
  97  6:36  Drone  
  97  6:38  Zerg Melee Weapons Level 1  
  97  6:39  Zerg Ground Armor Level 1  
  100  6:40  Zergling x12  
  100  6:45  Zergling x12  
  112  6:48  Zergling x4  
  112  6:53  Zergling x4  
  116  6:57  Zergling x4, Spore Crawler  
  117  7:02  Zergling x2  
  117  7:03  Baneling x17  
  117  7:04  Zergling x2  
  117  7:06  Muscular Augments  
  119  7:09  Zergling x4  
  119  7:12  Zergling x6  
  124  7:15  Zergling x2  
  124  7:16  Zergling x2  
  124  7:22  Zergling x4  
  125  7:37  Drone x3  
  125  7:40  Overlord x2  
  125  7:42  Baneling x2  
  128  7:49  Overlord x2  
  128  7:50  Overseer  
  128  7:53  Hatchery  
  127  7:58  Zergling x2  
  127  7:59  Zergling x16  
  136  8:06  Zergling x10  
  136  8:09  Hydralisk x5  
  136  8:12  Baneling x12  
  151  8:13  Overlord x2  
  151  8:15  Extractor  
  151  8:18  Zergling x2  
  151  8:19  Queen, Infestation Pit  
  152  8:26  Zergling x2  
  152  8:29  Queen  
  152  8:33  Zergling x12  
  142  8:36  Zergling x10  
  143  8:44  Zergling x8  
  143  8:45  Hydralisk x2  
  135  8:48  Hydralisk  
  135  8:52  Hydralisk x2  
  135  8:53  Hydralisk x2  
  142  9:01  Hydralisk x3  
  145  9:07  Hydralisk x8  
  161  9:11  Hive  
  161  9:12  Zergling x4  
  161  9:14  Baneling x3  
  163  9:18  Zergling x6  
  163  9:23  Zergling x2  
  164  9:24  Overlord  
  164  9:30  Overlord  
  160  9:36  Zergling x14  
  160  9:38  Overlord  
  160  9:50  Zergling x16  
  160  9:51  Zergling x2  
  131  10:01  Hydralisk x5  
  131  10:05  Hydralisk  
  131  10:06  Hydralisk  
  121  10:10  Hydralisk x3  
  121  10:13  Extractor  
  121  10:21  Baneling Nest, Hydralisk x4  
  120  10:26  Zergling x4  
  129  10:29  Grooved Spines  
  129  10:32  Hydralisk x2  
  129  10:34  Hydralisk x4  
Show
View Real Time Build Order
Export as new Build Order

Spirit Terran - Winner!

Build Orders: Reaper Expand, Hellion Banshee 

Get SALT Encoding   

  12  0:00  SCV  
  13  0:12  SCV  
  14  0:17  Supply Depot  
  14  0:24  SCV  
  15  0:38  SCV  
  15  0:41  Barracks  
  16  0:44  Refinery  
  16  0:50  SCV  
  17  1:02  SCV  
  18  1:15  SCV  
  19  1:28  Reaper, Orbital Command  
  20  1:40  Command Center  
  20  1:54  Supply Depot, SCV  
  21  2:00  Marine  
  22  2:06  SCV  
  23  2:18  SCV, Factory  
  24  2:23  Barracks Reactor  
  24  2:30  SCV  
  25  2:40  Command Center  
  25  2:42  SCV  
  26  2:54  SCV, Orbital Command  
  27  3:02  Starport  
  27  3:06  Refinery  
  27  3:11  SCV  
  28  3:14  Hellion  
  28  3:19  Hellion  
  32  3:21  Barracks Tech Lab  
  32  3:22  SCV  
  32  3:25  SCV  
  34  3:34  SCV  
  34  3:38  SCV  
  34  3:39  Hellion  
  34  3:41  Hellion  
  40  3:46  SCV, Banshee  
  43  3:50  SCV  
  43  3:54  Orbital Command  
  44  3:58  SCV  
  44  3:59  Cloaking Field  
  44  4:02  SCV, Hellion  
  48  4:06  Hellion  
  50  4:10  SCV, Barracks Tech Lab  
  50  4:14  SCV  
  52  4:18  Supply Depot  
  52  4:20  SCV  
  52  4:22  SCV  
  54  4:26  SCV  
  54  4:28  Hellion  
  54  4:29  Banshee  
  60  4:34  SCV  
  61  4:39  Stimpack  
  61  4:40  SCV, Marine  
  61  4:42  SCV  
  61  4:43  Supply Depot  
  66  4:50  SCV  
  65  4:53  SCV, Refinery  
  65  4:54  Refinery  
  65  4:56  Barracks  
  65  4:57  Barracks  
  65  4:58  SCV, Factory Reactor  
  67  5:02  Orbital Command  
  67  5:06  Marine  
  68  5:07  Engineering Bay x2  
  68  5:09  SCV  
  68  5:10  SCV  
  68  5:11  Supply Depot  
  70  5:18  Barracks  
  70  5:19  Barracks  
  70  5:21  SCV  
  70  5:22  SCV  
  70  5:23  Marine  
  70  5:27  Starport Reactor  
  73  5:31  SCV  
  73  5:34  SCV x2  
  76  5:36  Terran Infantry Armor Level 1, Terran Infantry Weapons Level 1  
  76  5:40  Supply Depot  
  76  5:42  Supply Depot  
  76  5:43  SCV  
  76  5:46  SCV, Siege Tank  
  76  5:47  SCV  
  76  5:48  Marine x2  
  84  5:53  Marine  
  85  6:01  Marine x2  
  85  6:02  SCV x2  
  89  6:05  SCV, Marine  
  89  6:06  Marine  
  89  6:11  Medivac x2, Marine  
  90  6:17  SCV  
  98  6:19  Combat Shield, Marine x2  
  98  6:22  Barracks Reactor x2, Bunker  
  98  6:23  Marine x2  
  98  6:24  Supply Depot  
  98  6:25  Supply Depot  
  100  6:26  SCV  
  101  6:37  Refinery  
  101  6:39  Supply Depot  
  101  6:45  Marine x3  
  101  6:46  SCV x2, Siege Tank, Marine x2  
  101  6:47  SCV  
  112  6:53  Supply Depot  
  112  6:58  SCV x2, Marine  
  112  6:59  SCV, Marine  
  112  7:00  Marine  
  118  7:03  Marine x3  
  118  7:04  Marine x2  
  118  7:05  Marine  
  118  7:06  Armory  
  124  7:10  SCV x2  
  124  7:11  SCV  
  124  7:13  Medivac  
  129  7:16  Marine  
  129  7:17  Marine  
  129  7:18  Marine  
  129  7:21  Marine x3  
  129  7:22  SCV x2, Marine x2  
  139  7:23  SCV, Marine  
  141  7:41  Supply Depot x2  
  141  7:42  Supply Depot  
  141  7:43  Siege Tank, Marine x5  
  149  7:44  Marine  
  149  7:58  Terran Infantry Weapons Level 2  
  149  8:02  Marine x9  
  149  8:04  Terran Infantry Armor Level 2  
  149  8:05  Command Center  
  158  8:16  Siege Tank  
  161  8:20  Marine x9  
  150  8:38  Marine x9  
  156  8:48  Medivac x2, Siege Tank  
  152  8:49  SCV  
  149  8:56  Marine x9  
  158  9:06  SCV  
  158  9:08  Factory  
  159  9:13  Marine x8  
  159  9:14  SCV x2  
  169  9:17  Marine  
  169  9:18  Medivac x2  
  169  9:20  SCV, Siege Tank  
  177  9:31  Marine x7  
  177  9:32  Marine  
  177  9:35  Marine  
  184  9:41  SCV  
  185  9:48  Medivac  
  185  9:49  Marine  
  185  9:51  Marine x3  
  188  9:54  Marine  
  188  9:55  Siege Tank, Marine  
  188  9:56  Marine x3  
  158  10:07  Planetary Fortress, Marine  
  158  10:09  Marine x3  
  158  10:11  Command Center  
  158  10:12  Sensor Tower, Marine  
  158  10:13  Marine  
  153  10:14  Marine x3  
  153  10:20  Factory Tech Lab  
  156  10:23  Barracks x2  
  156  10:25  Marine  
  156  10:27  Siege Tank, Marine x3  
  160  10:30  Marine x2  
  160  10:32  Marine  
  160  10:33  Marine x2  
  165  10:42  Marine  
  165  10:45  Refinery, Marine x3  
  165  10:48  Terran Vehicle Weapons Level 1, Barracks, Marine  
  170  10:50  Ghost Academy  
  170  10:51  Siege Tank, Marine  
  170  10:55  Marine  
  175  10:59  Siege Tank  
  175  11:00  Liberator x2  
  184  11:08  Refinery  
  184  11:11  Supply Depot  
  179  11:18  Marine x2  
  179  11:19  Marine x7  
  179  11:23  Siege Tank  
  191  11:29  Barracks Tech Lab x2  
  191  11:31  Siege Tank  
  200  11:44  Barracks Tech Lab x2  
  200  11:45  Barracks Tech Lab  
  193  11:50  Marauder, Marine x3  
  198  12:05  Command Center  
  198  12:06  Command Center  
  198  12:12  Marauder  
  198  12:31  Marauder  
  200  12:37  Marauder  
Tags
 
Add a new tag
Caveats
  • Supply blocks, unpowered buildings, or Contaminate may cause inaccurate times.
  • Supply counts are checked every 10 seconds.